 Dungeon Crawl Stone Soup version 0.27.0-1-g7a089689b8 (webtiles) character file.

Game seed: 10035302605604499090

7212 ZombieSheep the Fighter (level 10, -9/91 HPs)
             Began as a Demonspawn Monk on Aug 1, 2021.
             Was a Priest of Qazlal.
             Mangled by Snorg (11 damage)
             ... on level 10 of the Dungeon on Aug 2, 2021.
             The game lasted 00:21:13 (14748 turns).

ZombieSheep the Fighter (Demonspawn Monk)          Turns: 14748, Time: 00:21:15

Health: -9/91      AC: 11    Str: 15    XL:     10   Next: 87%
Magic:  14/14      EV: 14    Int: 11    God:    Qazlal [***...]
Gold:   495        SH: 12    Dex: 16    Spells: 9/9 levels left

rFire    + . .     SeeInvis .   b - +2 trident (venom)
rCold    . . .     Faith    .   (no shield)
rNeg     . . .     Spirit   .   q - +1 ring mail {rF+}
rPois    +         Reflect  .   (helmet unavailable)
rElec    .         Harm     .   z - +0 cloak
rCorr    .         Rampage  +   (no gloves)
Will     .....                  t - +1 pair of boots {rampage}
Stlth    +.........             (no amulet)
HPRegen  0.25/turn              G - ring of poison resistance
MPRegen  0.14/turn              (no ring)

@: about to teleport, studying Fighting
A: horns 3, large bone plates 1, condensation shield
a: Renounce Religion, Upheaval, Elemental Force


You were on level 10 of the Dungeon.
You worshipped Qazlal.
Qazlal was most pleased with you.
You visited 2 branches of the dungeon, and saw 11 of its levels.

You collected 495 gold pieces.

Inventory:

Hand Weapons
 a - a +4 trident
 b - a +2 trident of venom (weapon)
 c - a +0 mace
 k - a +0 spear
 n - a +0 broad axe
 F - a +0 vampiric trident
Armour
 d - a +0 pair of boots
 q - a +1 ring mail of fire resistance (worn)
 t - a +1 pair of boots of rampaging (worn)
 z - a +0 cloak (worn)
Jewellery
 A - a +6 ring of intelligence
 D - an amulet of regeneration
 G - a ring of poison resistance (left hand)
Wands
 e - a wand of acid (18)
 l - a wand of iceblast (9)
 u - a wand of polymorph (6)
 x - a wand of flame (25)
Scrolls
 f - 2 scrolls of magic mapping
 i - 2 scrolls of teleportation
 p - 2 scrolls of enchant armour
 v - a scroll of vulnerability
 y - a scroll of fog
 E - a scroll of identify
Potions
 g - a potion of berserk rage
 h - 4 potions of curing
 j - a potion of ambrosia
 m - 2 potions of lignification
 o - 3 potions of magic
 r - a potion of haste
 w - a potion of invisibility
 B - 2 potions of degeneration {unknown}
 C - 2 potions of mutation {unknown}


   Skills:
 + Level 12.9 Fighting
 + Level 7.4 Polearms
 + Level 6.7 Armour
 + Level 7.5 Dodging
 - Level 1.7 Stealth
 + Level 5.3 Invocations


You had 9 spell levels left.
You didn't know any spells.
Your spell library contained the following spells:

 Spells                   Type           Power      Damage    Failure   Level
 Foxfire                  Conj/Fire      0%         2x1d4     54%         1
 Slow                     Hex            0%         N/A       67%         2
 Confusing Touch          Hex            0%         N/A       88%         3
 Conjure Flame            Conj/Fire      0%         6-21      88%         3
 Inner Flame              Hex/Fire       0%         N/A       88%         3
 Mephitic Cloud           Conj/Pois/Air  0%         N/A       88%         3
 Fireball                 Conj/Fire      0%         3d3       100%        5
 Iskenderun's Battlesphe  Conj           0%         2d6       100%        5
 Yara's Violent Unravell  Hex/Tmut       0%         3d3       100%        5
 Conjure Ball Lightning   Conj/Air       0%         3x3d6     100%        6
 Eringya's Noxious Bog    Tmut/Pois      0%         N/A       100%        6
 Orb of Destruction       Conj           0%         N/A       100%        7
 Disjunction              Tloc           0%         N/A       100%        8


Dungeon Overview and Level Annotations

Branches:
Dungeon (10/15)            Temple (1/1) D:5
   Lair: D:8-11         Orc: D:9-12

Altars:
Ashenzari
Cheibriados
Dithmenos
Elyvilon
Fedhas
Gozag
Hepliaklqana
Kikubaaqudgha
Makhleb
Nemelex Xobeh
Okawaru
Qazlal
Ru
Sif Muna
Trog
Uskayaw
Vehumet
Wu Jian
Xom
Yredelemnul
The Shining One

Shops:
D:2 :   D:5 ?   D:10 *

Annotations:
D:3 3 runed translucent doors, Theophrastus's ghost, amateur FoFi
D:7 Harold
D:8 2 runed translucent doors, exclusion: orange crystal statue
D:10 Snorg


Innate Abilities, Weirdness & Mutations

You have a pair of large horns on your head.
You are partially covered in large bone plates. (SH +4)
A meltable shield of frost defends you. (SH +4)


Message History

You hear a howl!
Snorg struggles against the net.
A howler monkey comes into view.
Something hits you.
You hear a roar!
You reach to attack!
You catch the helpless Snorg completely off-guard!
You hit Snorg.
Snorg looks as sick as possible!
Snorg is lightly wounded.
Something hits you!
Snorg struggles against the net.
Something barely misses you.
Snorg struggles against the net.
Something you can't see is in the way.
You closely miss something. You block something's attack. Something hits you.
Snorg struggles against the net.
The net rips apart, and Snorg comes free!
Something completely misses you.
Unknown command.
You reach to attack!
You puncture Snorg!
Snorg looks as sick as possible!
Snorg is lightly wounded.
Something hits you. x2
Something you can't see is in the way.
You puncture something! Something hits you but does no damage.
The howler monkey hoots and howls with incredible vigour!
You closely miss Snorg. You headbutt Snorg!
Snorg is moderately wounded.
Snorg bites you. You block Snorg's attack. x2
You puncture Snorg!
Snorg looks as sick as possible!
Your headbutt misses Snorg.
Snorg is moderately wounded.
Snorg closely misses you.
You block Snorg's attack. x2; Snorg bites you!!
Snorg closely misses you. Snorg claws you.
You are too injured to fight recklessly!
The howler monkey hoots and howls with incredible vigour!
As you read the scroll of teleportation, it crumbles to dust.
You feel strangely unstable. Snorg bites you!!
* * * LOW HITPOINT WARNING * * *
Snorg claws you!
* * * LOW HITPOINT WARNING * * *
You block Snorg's attack. Snorg bites you!
You die...

.. ##+## ...... ##8.8##
#..... ##.....## #....
##8(....8## #....
##.........####....
#######8.........8##.....
.....h{T@.........'......
...>..#8○........8#......
..... ##.........####....
#### ##8.....8## #.....
##.....## ##..... ##8.8##
##...#.. ##+## ##..####.
#.# ##..## #. #.###..##
#)


You could see Snorg (berserk, extremely poisoned) and a howler monkey (catching
breath).

Vanquished Creatures
  A centaur warrior (D:9)
  2 two-headed ogres (D:10)
  Maggie (D:7)
  2 wraiths
  A wyvern (D:8)
  5 yaks
  3 water moccasins
  An ice beast (D:7)
  4 orc warriors
  6 necrophages
  An ogre (D:6)
  A centaur (D:9)
  2 kobold brigands (D:8)
  A wyvern zombie (D:6)
  A gnoll sergeant (D:10)
  3 bullfrogs
  3 scorpions
  A water moccasin skeleton (D:3)
  3 killer bees (D:9)
  5 howler monkeys
  4 jellies
  3 centaur zombies
  A hound (D:5)
  7 orc priests
  A centaur skeleton (D:7)
  A gnoll shaman (D:5)
  A bullfrog skeleton (D:5)
  An iguana (D:5)
  Natasha (thrice) (D:3)
  4 orc wizards
  A hound skeleton (D:5)
  2 howler monkey zombies
  4 adders
  12 gnolls
  2 ufetubi
  4 worms
  9 dart slugs
  25 orcs
  7 endoplasms
  8 giant cockroaches
  11 goblins
  11 hobgoblins
  14 jackals
  5 quokkas
  6 ball pythons
  A ball python zombie (D:3)
  5 bats
  3 frilled lizards
  17 kobolds
  5 rats
225 creatures vanquished.

Notes
Turn   | Place    | Note
-------+----------+-------------------------------------------
     0 | D:1      | ZombieSheep the Demonspawn Monk began the quest for the
                  | Orb.
     0 | D:1      | Reached XP level 1. HP: 18/18 MP: 1/1
   331 | D:1      | Gained mutation: You are partially covered in large bone
                  | plates. (SH +4) [demonic ancestry]
   331 | D:1      | Reached XP level 2. HP: 15/24 MP: 2/2
   977 | D:1      | Reached XP level 3. HP: 29/29 MP: 3/3
  1173 | D:1      | Found a faded altar of an unknown god.
  1478 | D:2      | Reached skill level 1 in Armour
  1783 | D:2      | Gained mutation: You have a pair of small horns on your
                  | head. [demonic ancestry]
  1783 | D:2      | Reached XP level 4. HP: 19/37 MP: 4/4
  2130 | D:2      | Reached skill level 4 in Fighting
  2174 | D:2      | Found Cairghas's Book Shoppe.
  2636 | D:3      | Found an iron altar of Okawaru.
  2761 | D:3      | Noticed Natasha
  2770 | D:3      | Killed Natasha
  2771 | D:3      | Reached XP level 5. HP: 31/43 MP: 5/5
  2992 | D:3      | Found a shimmering blue altar of Sif Muna.
  3076 | D:3      | Found a radiant altar of Vehumet.
  3118 | D:3      | Found a runed translucent gate.
  3118 | D:3      | Found a runed translucent gate.
  3118 | D:3      | Found a runed translucent gate.
  3118 | D:3      | Noticed Theophrastus's ghost (amateur FoFi)
  3120 | D:3      | Found a basalt altar of Yredelemnul.
  3349 | D:3      | Noticed Natasha
  3388 | D:3      | Killed Natasha
  3731 | D:3      | Noticed Natasha
  3755 | D:3      | Killed Natasha
  3756 | D:3      | Gained mutation: You have a pair of horns on your head.
                  | [demonic ancestry]
  3756 | D:3      | Reached XP level 6. HP: 37/50 MP: 6/6
  4536 | D:4      | Reached skill level 5 in Fighting
  5107 | D:4      | Reached XP level 7. HP: 47/56 MP: 7/7
  5289 | D:4      | Identified a scroll of acquirement
  5289 | D:4      | Acquired a manual of Fighting
  5329 | D:5      | Entered Level 5 of the Dungeon
  5337 | D:5      | Reached skill level 6 in Fighting
  5380 | D:5      | Found Impaar's Magic Scroll Shoppe.
  5423 | D:5      | Noticed a wraith
  5494 | D:5      | Killed a wraith
  5607 | D:5      | Found a staircase to the Ecumenical Temple.
  5628 | D:5      | Reached skill level 7 in Fighting
  5632 | Temple   | Entered the Ecumenical Temple
  6197 | D:5      | Gained mutation: You have a pair of large horns on your
                  | head. [demonic ancestry]
  6197 | D:5      | Reached XP level 8. HP: 43/67 MP: 8/8
  6628 | D:5      | Got Leadeny's Catalogue of Twisted Intoxication
  6963 | D:5      | Reached skill level 8 in Fighting
  7164 | D:6      | Reached skill level 5 in Polearms
  7164 | D:6      | Reached skill level 5 in Dodging
  7532 | D:6      | Reached skill level 9 in Fighting
  7577 | D:6      | Identified the +10 dagger "Noojack" {distort, rF+ Int-3
                  | Dex+3}
  9459 | D:6      | Gained mutation: A meltable shield of frost defends you.
                  | (SH +4) [demonic ancestry]
  9459 | D:6      | Reached XP level 9. HP: 55/78 MP: 9/9
 10010 | D:7      | Found a stormy altar of Qazlal.
 10023 | D:7      | Became a worshipper of Qazlal Stormbringer
 10023 | D:7      | Reached * piety under Qazlal
 10023 | D:7      | Reached ** piety under Qazlal
 10059 | D:7      | Reached skill level 10 in Fighting
 10195 | D:7      | Found a hide-covered altar of Uskayaw.
 10307 | D:7      | Noticed Maggie
 10330 | D:7      | Killed Maggie
 10331 | D:7      | Reached skill level 5 in Armour
 10545 | D:7      | Noticed Harold
 10991 | D:7      | Found a shimmering altar of Xom.
 10994 | D:7      | Found a blossoming altar of Fedhas.
 10996 | D:7      | Found an opulent altar of Gozag.
 11218 | D:8      | Reached skill level 11 in Fighting
 11448 | D:8      | Found a runed translucent door.
 11559 | D:8      | Found a sparkling altar of Nemelex Xobeh.
 11828 | D:8      | Found the +10 tower shield of Ignorance {rN+ Int-4}
 11834 | D:8      | Found a runed translucent door.
 11840 | D:8      | Noticed an orange crystal statue
 11962 | D:8      | Found a broken altar of Ashenzari.
 12213 | D:8      | Reached *** piety under Qazlal
 12576 | D:9      | Reached skill level 1 in Invocations
 12678 | D:9      | Noticed a centaur warrior
 12691 | D:9      | Killed a centaur warrior
 12692 | D:9      | Reached skill level 12 in Fighting
 12692 | D:9      | Reached XP level 10. HP: 44/89 MP: 11/11
 13434 | D:10     | Entered Level 10 of the Dungeon
 13434 | D:10     | Noticed a two-headed ogre
 13444 | D:10     | HP: 1/89 [two-headed ogre (10)]
 13819 | D:10     | Killed a two-headed ogre
 13946 | D:10     | Noticed a two-headed ogre
 14229 | D:10     | Killed a two-headed ogre
 14583 | D:10     | Reached skill level 5 in Invocations
 14611 | D:10     | Found Fytz's Assorted Antiques.
 14737 | D:10     | Noticed Snorg
 14748 | D:10     | HP: 2/91 [Snorg (7)]
 14748 | D:10     | Mangled by Snorg

Illustrated notes

Levels and vault maps discovered:
D:1:      dpeg_arrival_court, layout_loops_ring,
          shapermc_ecumenical_altar_totnotflames
D:2:      minmay_alternating_diamond, layout_rooms, serial_shops,
          nicolae_diamond_shop
D:3:      minmay_inner_zag, layout_loops_ring, nicolae_yredelemnul_ghost_church,
          amcnicky_altar_gilded, lemuel_doored_altar, okawaru_trees_2,
          st_stairs_3, uniq_natasha
D:4:      kennysheep_slugbush, layout_basic
D:5:      layout_cave_pods, minmay_temple_entry_grid, serial_shops,
          nicolae_shop_behind_doors, serial_bayou_crossing
D:6:      layout_cave_pools, hex_large
D:7:      layout_loops_corners, nicolae_qazlal_scattered_showers,
          mainiacjoe_overflow_alcove_3, marbit_many_paths, uniq_maggie,
          uniq_harold
D:8:      layout_cave_pods, mainiacjoe_overflow_alcove_1,
          mainiacjoe_overflow_catwalk, chequers_guarded_unrand_ignorance
D:9:      layout_loops_ring
D:10:     layout_layer_cave, zin_academy, gammafunk_ghost_smash, serial_shops,
          shop_fountains, dk_noncrumbling_4, minmay_curled_crystal, uniq_snorg
Temple:   compressed_dpeg_triangle_lava_temple

Skill      XL: |  1  2  3  4  5  6  7  8  9 10 |
---------------+-------------------------------+-----
Dodging        | 3 4 5 6 7 |  7.5
Polearms       | 3 4 5 6 7 |  7.4
Armour         | 1 2 3 4 5 6 |  6.7
Fighting       | 4 5 7 9 12 | 12.9
Invocations    | 2 5 |  5.3
Stealth        | |  1.7

Action                   |  1- 3 |  4- 6 |  7- 9 | 10-12 || total
-------------------------+-------+-------+-------+-------++-------
Melee: Spear             |   206 |   250 |       |       ||   456
       Headbutt          |       |    44 |    81 |    33 ||   158
       Trident           |       |    59 |   412 |   123 ||   594
Throw: Throwing net      |       |       |       |     3 ||     3
  Use: Scroll            |     3 |     2 |     9 |     5 ||    19
       Potion            |       |     1 |       |       ||     1
 Stab: Sleeping          |     9 |     4 |     2 |       ||    15
       Held in net/web   |       |       |       |     1 ||     1
Armor: Robe              |    28 |       |       |       ||    28
       Ring mail         |       |    64 |    86 |    21 ||   171
Dodge: Dodged            |    93 |   113 |   182 |    40 ||   428
Block: Other             |    27 |    35 |   106 |    92 ||   260
